 Dungeon Crawl Stone Soup version 0.17.2 (webtiles) character file.

94 Goblin1989 the Cudgeler (level 4, -5/35 HPs)
             Began as a Demonspawn Abyssal Knight on June 22, 2016.
             Was a Believer of Lugonu.
             Slain by Sigmund
             ... wielding a +0 scythe
              (7 damage)
             ... on level 3 of the Dungeon on June 23, 2016.
             The game lasted 00:12:47 (2817 turns).

Goblin1989 the Cudgeler (Demonspawn Abyssal Knight) Turns: 2817, Time: 00:12:47

Health: -5/35      AC: 10    Str: 13    XL:     4   Next: 38%
Magic:  5/5        EV:  6    Int: 13    God:    Lugonu [**....]
Gold:   24         SH:  0    Dex: 13    Spells: 0 memorised, 3 levels left

rFire  + . .     SeeInvis .     a - +0 flail
rCold  . . .     Clarity  .     g - +0 chain mail
rNeg   . . .     SustAt   .     (no shield)
rPois  +         Gourm    .     (helmet restricted)
rElec  .         Spirit   .     x - +1 cloak {rPois}
rCorr  .         Warding  .     (no gloves)
rMut   .         Stasis   .     (no boots)
MR     .....                    (no amulet)
Stlth  ..........               (no ring)
                                (no ring)

@: confused, not resistant to hostile enchantments, extremely unstealthy
A: antennae 1, fire resistance 1
a: Depart the Abyss, Bend Space, Renounce Religion


You were on level 3 of the Dungeon.
You worshipped Lugonu.
Lugonu was pleased with you.
You were hungry.

You visited 1 branch of the dungeon, and saw 3 of its levels.
You visited the Abyss 1 time.

You collected 24 gold pieces.

Inventory:

Hand Weapons
 a - a +0 flail (weapon)
 b - a +2 hunting sling of velocity
 w - a +0 blowgun
Missiles
 f - a throwing net {=f, !d}
 l - 14 sling bullets
 p - 103 stones (quivered)
Armour
 g - a +0 chain mail (worn)
 x - a +1 cloak of poison resistance (worn)
Scrolls
 e - 2 scrolls of teleportation
 j - a scroll of random uselessness
 m - a scroll of amnesia
 u - a scroll of enchant weapon
Potions
 d - a potion of cure mutation {unknown}
 i - a potion of invisibility
Comestibles
 c - 2 bread rations
 o - a beef jerky
 v - 5 fruits


   Skills:
 - Level 3.0 Fighting
 + Level 4.2 Maces & Flails
 - Level 1.7 Armour
 - Level 0.8 Dodging
 - Level 2.4 Invocations


You had 3 spell levels left.
You didn't know any spells.

Dungeon Overview and Level Annotations

Branches:
Dungeon (3/15)

Altars:
Vehumet

Annotations:
D:3 Goblin1989's ghost, amateur GrGl; Sigmund


Innate Abilities, Weirdness & Mutations

You have a pair of small antennae on your head.
Your flesh is heat resistant.


Message History

Space bends around you!
You blink.
* * * LOW HITPOINT WARNING * * *
You feel slightly more hungry.
Sigmund appears from thin air!
Reactivating autopickup.
Sigmund points at you and mumbles some strange words.
The puff of flame hits you! You resist.
* * * LOW HITPOINT WARNING * * *
You take 6 damage, and have 1/35 hp.
You now have 4/5 mp.
Sigmund hits you but does no damage.
Sigmund gestures wildly while chanting.
Sigmund flickers and vanishes!
Deactivating autopickup; reactivate with Ctrl-A.
A giant gecko comes into view.
You are confused.
The giant gecko bites you but does no damage.
The giant gecko barely misses you.
You closely miss the giant gecko.
The giant gecko bites you but does no damage.
Something hits you!
You die...

#...........###.####
#........##)# ..
#####........##.##
.#
.{...........##..#
..
......?#.........##
.
.......#..........#
########..........#
#....l.=...#.
#....@.......
#####.#####.. #{##
#..# ##.# .
#.########?#
##.##≈≈.....#
#..##≈gg....#
#(.##≈≈g....#


You could see a giant gecko.

Vanquished Creatures
  A worker ant (D:3)
  An adder (D:2)
  A giant gecko (D:1)
  8 orcs (D:3)
  6 goblins
  4 hobgoblins
  10 kobolds
  8 bats
  2 giant cockroaches (D:1)
  5 giant newts
  9 rats
55 creatures vanquished.

Notes
Turn   | Place    | Note
--------------------------------------------------------------
     0 | Abyss:1  | Goblin1989 the Demonspawn Abyssal Knight began the quest for the Orb.
     0 | Abyss:1  | Reached XP level 1. HP: 18/18 MP: 2/2
    49 | Abyss:1  | Noticed a chaos spawn
    51 | D:1      | Escaped the Abyss
   292 | D:1      | Reached * piety under Lugonu
   456 | D:1      | Gained mutation: You have a pair of small antennae on your head. [demonic ancestry]
   456 | D:1      | Reached XP level 2. HP: 18/24 MP: 3/3
  1300 | D:2      | Gained mutation: Your flesh is heat resistant. [demonic ancestry]
  1300 | D:2      | Reached XP level 3. HP: 26/29 MP: 4/4
  1469 | D:2      | Found a radiant altar of Vehumet.
  1627 | D:2      | Reached ** piety under Lugonu
  2084 | D:3      | Noticed Goblin1989's ghost (amateur GrGl)
  2392 | D:3      | Reached skill level 4 in Maces & Flails
  2392 | D:3      | Reached XP level 4. HP: 6/35 MP: 5/5
  2403 | D:3      | HP: 1/35 [poisoned by a worker ant]
  2775 | D:3      | Noticed Sigmund
  2807 | D:3      | HP: 1/35 [Sigmund/puff of flame (3)]
  2817 | D:3      | Slain by Sigmund

Action                   |  1- 3 |  4- 6 || total
-------------------------+-------+-------++-------
Melee: Mace              |   144 |       ||   144
       Whip              |    16 |       ||    16
       Flail             |    34 |    28 ||    62
Invok: Depart the Abyss  |     1 |       ||     1
       Bend Space        |       |     1 ||     1
  Use: Scroll            |    12 |       ||    12
       Potion            |     2 |       ||     2
  Eat: Chunk             |     4 |     2 ||     6
